 Dungeon Crawl Stone Soup version 0.19-a0-1238-gee6bd96 (webtiles) character file.

293540 st0uf the Pulveriser (level 22, -8/184 HPs)
             Began as a Formicid Fighter on Aug 26, 2016.
             Was a High Priest of Okawaru.
             Killed from afar by Margery (26 damage)
             ... with a fireball
             ... on level 4 of the Vaults.
             The game lasted 05:18:11 (46655 turns).

st0uf the Pulveriser (Formicid Fighter)            Turns: 46655, Time: 05:18:11

Health: -8/184     AC: 36    Str: 30    XL:     22   Next: 14%
Magic:  38/38      EV: 15    Int:  6    God:    Okawaru [*****.]
Gold:   3774       SH: 18    Dex: 15    Spells: 1 memorised, 19 levels left

rFire  . . .     SeeInvis +     N - +5 quarterstaff (protect)
rCold  . . .     Gourm    .     y - +12 chain mail of Gluttony {rElec Dex+3}
rNeg   . . .     Faith    .     q - +3 shield {reflect}
rPois  +         Spirit   .     (helmet unavailable)
rElec  +         Dismiss  .     Q - +2 cloak {MR+}
rCorr  .         Reflect  +     b - +1 pair of gloves {Dex+3}
MR     +++++     Harm     .     (no boots)
Stlth  +.........               E - necklace of Bloodlust {*Rage +Rage MR+ Int-3 Slay+3 *Curse}
                                O - ring "Huuhoag" {+Fly rElec MR+ MP+9 Dex-4 Slay+2}
                                A - ring of Bailaxue {rPois Dex+3 Stlth+}

@: no status effects
A: permanent stasis, dig shafts and tunnels, four strong arms, antennae 3
a: Dig, Shaft Self, Heroism, Finesse, Renounce Religion, Evoke Flight
}: 1/15 runes: barnacled


You were on level 4 of the Vaults.
You worshipped Okawaru.
Okawaru was extremely pleased with you.
You were not hungry.

You visited 7 branches of the dungeon, and saw 34 of its levels.
You also visited: Trove, Volcano and Wizlab.

You collected 5142 gold pieces.
You spent 1368 gold pieces at shops.

Inventory:

Hand Weapons
 s - a +2 great mace of holy wrath
 K - a +4 lajatang of venom
 N - a +5 quarterstaff of protection (weapon)
 Y - a +0 dire flail of holy wrath
 Z - the +10 quarterstaff "Qynoov" {drain, MR+ Str+4 SInv}
   (Okawaru gifted it to you on level 3 of the Elven Halls)

   A truly terrible weapon, it drains the life of those it strikes.
   It affects your strength (+4).
   It affects your resistance to hostile enchantments.
   It lets you see invisible.
Armour
 b - a +1 pair of gloves of dexterity (worn)
 q - a +3 shield of reflection (worn)
 y - the +12 chain mail of Gluttony (worn) {rElec Dex+3}
   (You found it on level 3 of the Lair of Beasts)

   It affects your dexterity (+3).
   It insulates you from electricity.
 D - the +2 cloak of the Ancient Tales {rCorr}
   (Okawaru gifted it to you on level 5 of the Lair of Beasts)

   It protects you from acid and corrosion.
 Q - a +2 cloak of magic resistance (worn)
 T - a +1 large shield of protection
 W - the +0 pair of gloves of Evolution {rElec rCorr}
   (Okawaru gifted it to you on level 2 of the Elven Halls)

   It insulates you from electricity.
   It protects you from acid and corrosion.
Magical Staves
 C - an uncursed staff of earth
Rods
 F - a +7 iron rod (17/17)
   (You found it on level 14 of the Dungeon)
Jewellery
 w - the ring of Hyezotte {Int+5 Stlth+}
   (You found it on level 4 of the Dungeon)

   [ring of intelligence]

   It affects your intelligence (+5).
   It makes you more stealthy.
 A - the ring of Bailaxue (left hand) {rPois Dex+3 Stlth+}
   (You found it in a treasure trove)

   [ring of stealth]

   It affects your dexterity (+3).
   It protects you from poison.
   It makes you more stealthy.
 B - the ring of Ymyimis {rElec Str+4 Dex+4}
   (You took it off a deep elf mage on level 3 of the Elven Halls)

   [ring of dexterity]

   It affects your strength (+4).
   It affects your dexterity (+4).
   It insulates you from electricity.
 E - the necklace of Bloodlust (around neck) {*Rage +Rage MR+ Int-3 Slay+3 *Curse}
   (You bought it in a shop on level 9 of the Dungeon)

   [amulet of rage]

   It affects your intelligence (-3).
   It affects your accuracy and damage with ranged weapons and melee attacks
   (+3).
   It affects your resistance to hostile enchantments.
   It lets you go berserk.
   It may make you go berserk in combat.
   It may re-curse itself when equipped.
 I - the ring of Suicidal Tendencies {+Inv +Fly rC+ rN+ Str+3 Dex-4}
   (You took it off a deep elf death mage on level 3 of the Elven Halls)

   [ring of positive energy]

   It affects your strength (+3).
   It affects your dexterity (-4).
   It protects you from cold.
   It protects you from negative energy.
   It lets you turn invisible.
   It lets you fly.
 O - the ring "Huuhoag" (right hand) {+Fly rElec MR+ MP+9 Dex-4 Slay+2}
   (You bought it in a shop on level 9 of the Dungeon)

   [ring of flight]

   It affects your dexterity (-4).
   It affects your accuracy and damage with ranged weapons and melee attacks
   (+2).
   It insulates you from electricity.
   It affects your resistance to hostile enchantments.
   It affects your magic capacity (+9).
   It lets you fly.
 U - an uncursed ring of positive energy
Scrolls
 e - a scroll of summoning
 g - 2 scrolls of enchant weapon
 k - a scroll of holy word
 n - 5 scrolls of fear
 p - 14 scrolls of remove curse
 r - 5 scrolls of fog
 t - 2 scrolls of identify
 u - 2 scrolls of recharging
 x - 2 scrolls of magic mapping
 J - 6 scrolls of amnesia
Potions
 d - 5 potions of might
 i - 9 potions of agility
 o - 6 potions of curing
 z - a potion of resistance
 H - a potion of cancellation
 L - 4 potions of flight
 M - 3 potions of magic
 P - 3 potions of heal wounds
 V - 3 potions of cure mutation
Miscellaneous
 h - a phantom mirror
 j - a lamp of fire (inert)
 l - 2 sacks of spiders
 v - a box of beasts
 X - a phial of floods
Comestibles
 a - 9 meat rations
 c - 7 royal jellies
 f - 24 bread rations
 m - 5 chunks of flesh
 G - 2 slices of pizza
 R - 2 beef jerkies
 S - 11 fruits


   Skills:
 + Level 18.2 Fighting
 + Level 21.2 Staves
 + Level 14.3 Armour
 - Level 10.2 Dodging
 - Level 5.5 Stealth
 - Level 15.0 Shields
 + Level 0.2 Unarmed Combat
 * Level 10.6 Earth Magic
 - Level 2.2 Invocations
 * Level 10.3 Evocations


You had 19 spell levels left.
You knew the following spells:

 Your Spells              Type           Power        Failure   Level  Hunger
a - Passwall              Tmut/Erth      #.........   34%         2    ###....


Dungeon Overview and Level Annotations

Branches:
Dungeon (14/15)            Temple (1/1) D:4            Lair (6/6) D:11
 Shoals (4/4) Lair:2        Snake (0/4) Lair:4        Slime (0/5) Lair:5
    Orc (2/2) D:12            Elf (3/3) Orc:2        Vaults (4/5) D:14
  Crypt (0/3) Vaults:3

Altars:
Ashenzari
Cheibriados
Dithmenos
Elyvilon
Fedhas
Gozag
Hepliaklqana
Kikubaaqudgha
Makhleb
Nemelex Xobeh
Okawaru
Qazlal
Ru
Sif Muna
Trog
Uskayaw
Vehumet
Xom
Yredelemnul
Zin
The Shining One

Shops:
D:5 *(   D:9 *?(!=   Orc:2 }[%   Elf:1 :   Elf:2 [   Vaults:3 *

Portals:
Hell: Lair:6

Annotations:
D:1 1 runed door
D:8 exclusion: 3 doors
Vaults:4 Margery


Innate Abilities, Weirdness & Mutations

You are under a permanent stasis effect.
You can dig through walls and to a lower floor.
Your four strong arms can wield two-handed weapons with a shield.
You have a pair of large antennae on your head. (SInv)


Message History

Margery casts a spell at you.
The fireball explodes!
The fireball engulfs you!
* * * LOW HITPOINT WARNING * * *
The fireball engulfs your redback.
Your redback dies!
Your redback's corpse disappears in a puff of smoke!
You hear a shout!
Margery is engulfed in roaring flames.
The green ugly thing is engulfed in roaring flames.
Margery is engulfed in roaring flames.
Margery casts a spell at you.
The fireball explodes!
The fireball engulfs you!
* * * LOW HITPOINT WARNING * * *
The green ugly thing is engulfed in roaring flames.
The necromancer mumbles some strange words.
The necromancer flickers and vanishes for a moment.
Margery is engulfed in roaring flames.
Margery casts a spell at you.
The fireball explodes!
The fireball engulfs you!
You die...

#...##...##...# #...<..#
#...##...##...# #......#
##.#..#.#..#.## #......#
##....#....## #......#
##############''########''####
#................#..:.........
#..........##.#..#...(.......)
#....##.##.##[§§§#(...........
#.##.##....((@§§§@u§§..(.....)
........((([.[.(#cp........).
#'#####(#########{.:[.#######
#.......# ##.{...#...#..
#.......# #...{..#...)..
#.......# #.{..{{#...#..
#.......# #{.{.c@#######
#.......# #...((((.{){(u
#.......# #..(.#########


You could see Margery, a green ugly thing, a yaktaur and a necromancer
(invisible).

Vanquished Creatures
  Asterion (Vaults:1)
  2 deep elf master archers (Elf:3)
  2 deep elf blademasters (Elf:3)
  A kraken (Shoals:3)
  Polyphemus (Shoals:2)
  A sphinx (Vaults:3)
  2 tengu reavers
  Ilsuiw (Shoals:3)
  A fire giant (Vaults:3)
  6 deep elf sorcerers
  A frost giant (Vaults:3)
  13 vault wardens
  2 deep elf elementalists (Elf:3)
  12 ironheart preservers
  7 stone giants
  3 entropy weavers
  5 deep elf annihilators
  3 deep elf demonologists
  A dire elephant (Lair:6)
  An eidolon (Vaults:3)
  A mottled draconian (Volcano)
  4 deep elf death magi
  7 merfolk impalers
  4 merfolk javelineers
  11 yaktaur captains
  A fire dragon (Vaults:1)
  2 deep elf high priests (Elf:3)
  4 rakshasas
  2 ice dragons
  2 great orbs of eyes
  Harold (Lair:3)
  15 vault guards
  The ghost of Tux the Whirler, a journeyman HaHu of Okawaru (Lair:1)
  10 hydras
  3 merfolk avatars
  4 centaur warriors
  3 satyrs
  2 catoblepae
  An alligator snapping turtle (Shoals:3)
  6 ogre magi
  6 merfolk aquamancers
  7 death yaks
  A queen ant (Lair:3)
  2 death knights
  3 deep troll shamans
  A queen ant (shapeshifter) (Elf:2)
  2 vampire magi (Vaults:3)
  22 dancing weapons
  An orc high priest (Elf:1)
  24 deep elf knights
  A sixfirhy (Lair:6)
  A flayed ghost (Vaults:3)
  A hell knight (Vaults:4)
  An unseen horror (D:11)
  16 sea snakes
  4 wizards
  An unseen horror (shapeshifter) (Elf:1)
  6 deep trolls
  12 orc knights
  9 ironbrand convokers
  7 hill giants
  15 deep elf archers
  7 harpies (Shoals:4)
  The ghost of Ajdolov the Destroyer, a novice TeAE of Uskayaw (D:8)
  A lindwurm (shapeshifter) (Elf:1)
  A necromancer (Vaults:4)
  A lindwurm (Orc:1)
  66 deep elf magi
  3 wolf spiders
  An oklob plant (Lair:6)
  3 hornets (Vaults:2)
  35 ugly things
  An orc sorcerer (Orc:1)
  9 cyclopes
  6 manticores
  2 centaur zombies
  8 fauns
  A cyclops (shapeshifter) (Elf:2)
  9 elephants (Lair:3)
  A guardian serpent (shapeshifter) (Elf:1)
  10 griffons
  10 sirens
  4 water nymphs
  7 black mambas
  13 vault sentinels
  A torpor snail (Lair:5)
  3 orange demons (Lair:6)
  A smoke demon (Lair:6)
  2 kobold demonologists
  9 spiny frogs
  6 freezing wraiths
  5 komodo dragons
  2 rime drakes (Lair:6)
  A small abomination (Elf:3)
  25 yaktaurs
  An ice devil (Lair:6)
  2 efreet
  4 red devils (Lair:6)
  A polar bear (Lair:4)
  28 merfolk
  A hellwing (Lair:6)
  A jumping spider (shapeshifter) (Vaults:1)
  A queen bee (Lair:1)
  16 two-headed ogres
  3 wind drakes
  A queen bee (shapeshifter) (Vaults:2)
  8 trolls
  Prince Ribbit (D:7)
  9 blink frogs
  A slime creature (D:14)
  A raiju (shapeshifter) (Vaults:1)
  14 snapping turtles
  A blink frog (shapeshifter) (Elf:1)
  2 boulder beetles
  A frost giant simulacrum (Vaults:2)
  A hornet zombie (D:13)
  A human simulacrum (Vaults:3)
  2 redbacks (Vaults:3)
  3 air elementals
  A stone giant simulacrum (Vaults:2)
  3 vampires
  A tarantella (Vaults:3)
  A wraith (D:13)
  17 water elementals
  4 shadows
  3 fire elementals
  A hog (shapeshifter) (Elf:3)
  16 yaks
  A yak (shapeshifter) (Vaults:1)
  14 hippogriffs
  A hog (D:7)
  3 humans
  3 basilisks
  A human (shapeshifter) (Elf:2)
  4 mottled dragons
  2 vampire mosquitoes (D:14)
  6 nagas (Lair:4)
  5 wargs
  16 soldier ants
  Duvessa (D:4)
  A hell hound (Lair:6)
  14 water moccasins
  3 ice beasts
  9 porcupines
  42 orc warriors
  A necrophage (D:11)
  5 sky beasts
  2 black bears
  4 boggarts
  An eye of draining (D:13)
  2 phantoms
  28 ogres
  3 wolves (Lair:3)
  16 centaurs
  13 crocodiles
  A big kobold (D:8)
  The ghost of Tux the Conjurer, an amateur TeCj (D:3)
  15 giant frogs
  A gnoll sergeant (D:5)
  3 earth elementals
  Dowan (D:4)
  A wyvern skeleton (D:11)
  4 scorpions
  20 killer bees
  4 wights (D:6)
  A vampire bat (D:3)
  2 electric eels
  4 crimson imps
  2 giant frog zombies
  A wasp zombie (D:12)
  11 lava snakes (Volcano)
  16 jellies
  14 orc priests
  7 hounds
  A gnoll shaman (D:5)
  6 iguanas
  3 giant frog skeletons
  17 orc wizards
  32 worker ants
  39 sheep
  A hound skeleton (D:4)
  A howler monkey zombie (D:4)
  A worker ant zombie (D:8)
  11 adders
  13 gnolls
  2 howler monkey skeletons
  23 river rats
  7 shadow imps
  4 oozes
  An adder zombie (D:5)
  An adder skeleton (D:5)
  4 worms
  4 fire bats
  4 giant geckos
  94 orcs
  2 spectral bats (D:3)
  3 bat skeletons (D:3)
  A bat zombie (D:3)
  6 giant cockroaches
  9 goblins
  5 hobgoblins
  4 jackals
  10 kobolds
  6 quokkas
  A ball python (D:4)
  9 bats (D:3)
  A bat simulacrum (D:3)
  A giant gecko skeleton (D:5)
  6 giant newts
  A jackal skeleton (D:4)
  2 quokka skeletons
  13 rats
  3 tentacles (Shoals:3)
1361 creatures vanquished.

Vanquished Creatures (collateral kills)
  A hell knight (Vaults:4)
1 creature vanquished.

Vanquished Creatures (others)
  2 merfolk javelineers
  A shadow wraith (Vaults:4)
  A faun (Shoals:3)
  A cyclops (Shoals:4)
  4 yaktaurs
  A two-headed ogre (Vaults:2)
  A centaur (Shoals:4)
  An ogre (Vaults:3)
  An orc wizard (Vaults:2)
  2 human simulacra (D:11)
  An adder (D:11)
  An orc (Elf:1)
  3 fungi
  10 plants
  23 tentacles (Shoals:3)
53 creatures vanquished.

Grand Total: 1415 creatures vanquished

Notes
Turn   | Place    | Note
-------+----------+-------------------------------------------
     0 | D:1      | st0uf the Formicid Fighter began the quest for the Orb.
     0 | D:1      | Reached XP level 1. HP: 18/18 MP: 1/1
     1 | D:1      | Found a runed door.
   116 | D:1      | Reached XP level 2. HP: 21/24 MP: 2/2
   429 | D:1      | Reached XP level 3. HP: 30/30 MP: 3/3
   628 | D:1      | Reached XP level 4. HP: 37/37 MP: 4/4
  1210 | D:2      | Found a sacrificial altar of Ru.
  1303 | D:2      | Found an opulent altar of Gozag.
  1487 | D:3      | Reached XP level 5. HP: 14/42 MP: 5/5
  1560 | D:3      | Noticed Tux's ghost (amateur TeCj)
  1887 | D:3      | Reached skill level 5 in Shields
  2072 | D:3      | Reached skill level 1 in Dodging
  2096 | D:3      | Reached XP level 6. HP: 48/48 MP: 6/6
  2146 | D:3      | Reached skill level 3 in Staves
  2463 | D:3      | Killed Tux's ghost
  2747 | D:4      | Found a staircase to the Ecumenical Temple.
  2754 | D:4      | Got a wavering marble ring
  2757 | D:4      | Identified the ring of Hyezotte {Int+5 Stlth+} (You found it on level 4 of the Dungeon)
  2853 | D:4      | Noticed an ogre
  2871 | D:4      | Reached XP level 7. HP: 43/55 MP: 7/7
  2960 | D:4      | Noticed Duvessa
  2960 | D:4      | Noticed Dowan
  2989 | D:4      | Killed Duvessa
  3003 | D:4      | Killed Dowan
  3216 | D:4      | Reached XP level 8. HP: 52/61 MP: 8/8
  3356 | D:4      | Reached skill level 4 in Staves
  3816 | D:5      | Entered Level 5 of the Dungeon
  3897 | D:5      | Reached skill level 5 in Armour
  3941 | D:5      | Found a snail-covered altar of Cheibriados.
  3957 | D:5      | Found Miujahug's Weapon Shop.
  4199 | D:5      | Reached skill level 1 in Stealth
  4210 | D:5      | Reached skill level 5 in Fighting
  4560 | D:5      | Found Raetanto's General Store.
  4576 | D:5      | Bought a scroll of identify for 20 gold pieces
  4576 | D:5      | Bought a scroll of magic mapping for 35 gold pieces
  4995 | D:6      | Reached XP level 9. HP: 51/69 MP: 9/9
  5051 | D:6      | Reached skill level 5 in Staves
  5542 | D:6      | Found a blossoming altar of Fedhas.
  6024 | D:7      | Reached skill level 6 in Staves
  6033 | D:7      | Reached skill level 5 in Dodging
  6343 | D:7      | Found an ancient bone altar of Kikubaaqudgha.
  6343 | D:7      | Found a stormy altar of Qazlal.
  6427 | D:7      | Reached XP level 10. HP: 61/77 MP: 10/10
  6749 | D:7      | Noticed Prince Ribbit
  7092 | D:7      | Killed Prince Ribbit
  7520 | D:7      | Reached skill level 7 in Staves
  7833 | Temple   | Entered the Ecumenical Temple
  7838 | Temple   | Became a worshipper of Warmaster Okawaru
  7929 | D:8      | Found an iron altar of Okawaru.
  8135 | D:8      | Noticed Ajdolov's ghost (novice TeAE)
  8159 | D:8      | Killed Ajdolov's ghost
  8159 | D:8      | Reached * piety under Okawaru
  8480 | D:8      | Found a hide-covered altar of Uskayaw.
  9148 | D:8      | Noticed a cyclops
  9164 | D:8      | Killed a cyclops
  9164 | D:8      | Reached skill level 10 in Shields
  9164 | D:8      | Reached XP level 11. HP: 56/84 MP: 8/11
  9177 | D:8      | Noticed a death yak
  9897 | D:9      | Reached ** piety under Okawaru
  9911 | D:9      | Found Soiferyss's Distillery.
  9919 | D:9      | Bought a potion of heal wounds for 60 gold pieces
  9938 | D:9      | Found Cekawk's Jewellery Shop.
 10015 | D:9      | Found Igestue's Weapon Emporium.
 10038 | D:9      | Reached skill level 8 in Staves
 10068 | D:9      | Found Ekumiw's Magic Scroll Emporium.
 10076 | D:9      | Bought a scroll of identify for 28 gold pieces
 10076 | D:9      | Bought a scroll of identify for 28 gold pieces
 10345 | D:9      | Found Tus Toank's General Store.
 10407 | D:9      | Found a glowing silver altar of Zin.
 10408 | D:9      | Found a bloodstained altar of Trog.
 10409 | D:9      | Found a shadowy altar of Dithmenos.
 10413 | D:9      | Found a deep blue altar of Sif Muna.
 10447 | D:10     | Entered Level 10 of the Dungeon
 10447 | D:10     | Noticed a hill giant
 10457 | D:10     | Killed a hill giant
 11317 | D:11     | Reached *** piety under Okawaru
 11403 | D:11     | Noticed an unseen horror
 11421 | D:11     | Killed an unseen horror
 11490 | D:11     | Noticed a hill giant
 11510 | D:11     | Killed a hill giant
 11513 | D:11     | Noticed a four-headed hydra
 11533 | D:11     | Killed a four-headed hydra
 11533 | D:11     | Reached **** piety under Okawaru
 11738 | D:11     | Reached XP level 12. HP: 78/92 MP: 12/12
 11936 | D:11     | Reached skill level 9 in Staves
 11960 | D:11     | Found a staircase to the Lair.
 12396 | D:12     | Received a gift from Okawaru
 12497 | D:12     | You fall through a shaft!
 12497 | D:13     | Noticed a centaur warrior
 12508 | D:13     | Killed a centaur warrior
 12678 | D:12     | Reached ***** piety under Okawaru
 12791 | D:12     | Received a gift from Okawaru
 12824 | D:12     | Found a staircase to the Orcish Mines.
 13055 | Orc:1    | Entered Level 1 of the Orcish Mines
 13218 | Orc:1    | Found a dark tunnel.
 13238 | Volcano  | Entered a volcano
 13730 | Volcano  | Noticed a mottled draconian
 13756 | Volcano  | Killed a mottled draconian
 13769 | Volcano  | Found a bloodstained altar of Trog.
 13958 | Orc:1    | Noticed a stone giant
 13981 | Orc:1    | Killed a stone giant
 13981 | Orc:1    | Reached skill level 10 in Staves
 13987 | Orc:1    | Found a bloodstained altar of Trog.
 14174 | Orc:1    | Reached XP level 13. HP: 82/100 MP: 13/13
 14252 | Orc:2    | Entered Level 2 of the Orcish Mines
 14252 | Orc:2    | Found a staircase to the Elven Halls.
 14329 | Orc:2    | Found a bloodstained altar of Trog.
 14793 | Orc:2    | Received a gift from Okawaru
 14927 | Orc:2    | Found Ceaxkais's Antique Armour Shoppe.
 14927 | Orc:2    | Found Reorgh's Food Boutique.
 14929 | Orc:2    | Found Zeb Risu's Book Shop.
 14931 | Orc:2    | Found Ivi Gimp's Gadget Emporium.
 15151 | Lair:1   | Entered Level 1 of the Lair of Beasts
 15268 | Lair:1   | Noticed Tux's ghost (journeyman HaHu)
 15296 | Lair:1   | Killed Tux's ghost
 15988 | Lair:1   | Received a gift from Okawaru
 16478 | Lair:2   | Reached skill level 11 in Staves
 16586 | Lair:2   | Found a staircase to the Shoals.
 17179 | D:9      | Bought the cursed necklace of Bloodlust {*Rage +Rage MR+ Int-3 Slay+3 *Curse} for 591 gold pieces
 17179 | D:9      | Bought the ring "Huuhoag" {+Fly rElec MR+ MP+9 Dex-4 Slay+2} for 408 gold pieces
 17485 | Lair:3   | Noticed an eight-headed hydra
 17493 | Lair:3   | Killed an eight-headed hydra
 17493 | Lair:3   | Reached skill level 1 in Invocations
 17576 | Lair:3   | Noticed a four-headed hydra
 17578 | Lair:3   | Noticed Harold
 17589 | Lair:3   | Killed a four-headed hydra
 17601 | Lair:3   | Killed Harold
 17625 | Lair:3   | Noticed a five-headed hydra
 17636 | Lair:3   | Killed a five-headed hydra
 17636 | Lair:3   | Reached skill level 10 in Dodging
 17636 | Lair:3   | Reached skill level 5 in Stealth
 17636 | Lair:3   | Reached XP level 14. HP: 100/109 MP: 15/15
 17872 | Lair:3   | Found a glowing golden altar of the Shining One.
 17902 | Lair:3   | Got a pitted chain mail
 17903 | Lair:3   | Identified the +12 chain mail of Gluttony {rElec Dex+3} (You found it on level 3 of the Lair of Beasts)
 18373 | Lair:4   | Reached skill level 10 in Fighting
 18487 | Lair:4   | Noticed an entropy weaver
 18547 | Lair:3   | Reached skill level 15 in Shields
 18553 | Lair:3   | Received a gift from Okawaru
 18567 | Lair:3   | Reached skill level 12 in Staves
 18849 | Lair:3   | Killed an entropy weaver
 19282 | Lair:4   | Noticed an entropy weaver
 19304 | Lair:4   | Killed an entropy weaver
 19496 | Lair:4   | Found a staircase to the Snake Pit.
 20186 | Lair:5   | Found a staircase to the Slime Pits.
 20254 | Lair:5   | Reached skill level 13 in Staves
 20731 | Lair:5   | Received a gift from Okawaru
 20739 | Lair:5   | Reached XP level 15. HP: 59/119 MP: 16/16
 20742 | Lair:5   | Got a twisted cloak {god gift}
 20748 | Lair:5   | Identified the +2 cloak of the Ancient Tales {rCorr} (Okawaru gifted it to you on level 5 of the Lair of Beasts)
 20774 | Lair:6   | Entered Level 6 of the Lair of Beasts
 21907 | Lair:6   | Reached skill level 14 in Staves
 22090 | Lair:6   | Found a burning altar of Makhleb.
 22486 | Lair:6   | Found a gateway to Hell.
 22743 | D:13     | Found a sparkling altar of Nemelex Xobeh.
 22749 | D:13     | Reached ****** piety under Okawaru
 23125 | D:13     | Reached skill level 10 in Armour
 23264 | D:13     | Received a gift from Okawaru
 23465 | D:14     | Got a smoking trident {pierce}
 23466 | D:14     | Identified the +0 trident of the Moon {pierce, *Corrode MP+9 SInv} (You took it off a kobold demonologist on level 14 of the Dungeon)
 23559 | D:14     | Found a gate to the Vaults.
 23783 | D:14     | Reached skill level 15 in Staves
 24219 | Elf:1    | Entered Level 1 of the Elven Halls
 24253 | Elf:1    | Got a smoking ring mail
 24254 | Elf:1    | Identified the +5 ring mail of the Untouchables {rF+ Int+4} (You found it on level 1 of the Elven Halls)
 24273 | Elf:1    | Reached XP level 16. HP: 129/129 MP: 17/17
 24446 | Elf:1    | Found Givilim's Book Shop.
 24490 | Elf:1    | Found a magical portal.
 24494 | WizLab   | Entered Wucad Mu's Monastery
 24547 | WizLab   | Noticed a grey draconian monk
 24609 | WizLab   | Noticed a grey draconian monk
 25138 | Elf:1    | Noticed a deep elf sorcerer
 25165 | Elf:1    | Killed a deep elf sorcerer
 25685 | Elf:1    | Identified the Tome of Combat Magic
 26105 | Elf:2    | Received a gift from Okawaru
 26110 | Elf:2    | Got a heavily runed scale mail {god gift}
 26121 | Elf:2    | Identified the +1 scale mail of Suruse {MR+ Dex+2} (Okawaru gifted it to you on level 2 of the Elven Halls)
 26175 | Elf:2    | Found Bozuatz's Armour Shop.
 26181 | Elf:2    | Bought a +1 cloak of magic resistance for 198 gold pieces
 26423 | Elf:2    | Reached skill level 16 in Staves
 26923 | Elf:2    | Found a huge runed gate.
 26923 | Elf:2    | Found a huge runed gate.
 26923 | Elf:2    | Found a huge runed gate.
 27264 | Elf:2    | HP: 6/131 [dire flail of crushing (3)]
 27291 | Elf:2    | Reached XP level 17. HP: 14/137 MP: 18/18
 27859 | Elf:2    | Received a gift from Okawaru
 27860 | Elf:2    | Got a pair of shimmering gloves {god gift}
 27871 | Elf:2    | Identified the +0 pair of gloves of Evolution {rElec rCorr} (Okawaru gifted it to you on level 2 of the Elven Halls)
 28294 | Elf:2    | Reached skill level 1 in Evocations
 28567 | Elf:3    | Entered Level 3 of the Elven Halls
 28661 | Elf:2    | Reached skill level 17 in Staves
 29641 | Elf:3    | Noticed a deep elf master archer
 29641 | Elf:3    | Noticed a deep elf blademaster
 29673 | Elf:3    | Killed a deep elf blademaster
 29687 | Elf:3    | Killed a deep elf master archer
 29687 | Elf:3    | Received a gift from Okawaru
 29697 | Elf:3    | Reached skill level 15 in Fighting
 29717 | Elf:3    | Noticed a deep elf master archer
 29761 | Elf:3    | Reached XP level 18. HP: 97/149 MP: 19/19
 29826 | Elf:3    | Received a gift from Okawaru
 29827 | Elf:3    | Got a bloodstained quarterstaff {god gift}
 29828 | Elf:3    | Identified the +10 quarterstaff "Qynoov" {drain, MR+ Str+4 SInv} (Okawaru gifted it to you on level 3 of the Elven Halls)
 29858 | Elf:3    | Killed a deep elf master archer
 29920 | Elf:3    | Reached skill level 18 in Staves
 29922 | Elf:3    | Got a scintillating tin ring
 29924 | Elf:3    | Got a warped shield
 29925 | Elf:3    | Identified the ring of Suicidal Tendencies {+Inv +Fly rC+ rN+ Str+3 Dex-4} (You took it off a deep elf death mage on level 3 of the Elven Halls)
 29928 | Elf:3    | Identified the +0 shield of Darkness {rElec SInv} (You took it off a deep elf death mage on level 3 of the Elven Halls)
 30178 | Elf:3    | Got a slimy glass ring
 30230 | Elf:3    | Identified a +5 rod of shadows (4/12) (You took it off a deep elf sorcerer on level 3 of the Elven Halls)
 30233 | Elf:3    | Got a heavily runed lapis lazuli ring
 30235 | Elf:3    | Identified the ring of Ymyimis {rElec Str+4 Dex+4} (You took it off a deep elf mage on level 3 of the Elven Halls)
 30236 | Elf:3    | Identified the ring of Guwn {rElec rPois rN+ Str+7 Slay-5} (You took it off a deep elf sorcerer on level 3 of the Elven Halls)
 30256 | Elf:3    | Noticed a deep elf blademaster
 30423 | Elf:3    | Killed a deep elf blademaster
 30593 | Elf:3    | Identified Siutor's Almanac of the Fiery Voyage
 30619 | Elf:3    | Got a shimmering lead ring
 30635 | Elf:3    | Identified the ring "Unud" {Fire MR+ Str+2 Stlth+} (You found it on level 3 of the Elven Halls)
 30891 | Elf:3    | Learned a level 2 spell: Passwall
 31096 | Shoals:1 | Entered Level 1 of the Shoals
 31247 | Shoals:1 | Reached skill level 1 in Earth Magic
 31487 | Shoals:2 | Received a gift from Okawaru
 31719 | Shoals:2 | Noticed Polyphemus
 31746 | Shoals:2 | Killed Polyphemus
 32282 | Shoals:3 | Noticed a kraken
 32530 | Shoals:4 | Entered Level 4 of the Shoals
 32553 | Shoals:4 | Noticed Ilsuiw
 33335 | Shoals:3 | Killed a kraken
 33880 | Shoals:3 | Killed Ilsuiw
 33880 | Shoals:3 | Reached XP level 19. HP: 80/157 MP: 22/22
 34260 | Shoals:4 | Received a gift from Okawaru
 34375 | Shoals:4 | Reached skill level 5 in Evocations
 34994 | Shoals:3 | Reached skill level 19 in Staves
 35003 | Shoals:3 | Reached skill level 5 in Earth Magic
 35654 | Shoals:4 | Got a barnacled rune of Zot
 36418 | Vaults:1 | Entered Level 1 of the Vaults
 37026 | Vaults:1 | Noticed Asterion
 37040 | Vaults:1 | Gained mutation: Your body sometimes deteriorates upon taking damage. [a cacodemon]
 37046 | Vaults:1 | Killed Asterion
 37051 | Vaults:1 | Reached XP level 20. HP: 116/167 MP: 24/24
 37185 | Vaults:1 | Received a gift from Okawaru
 37247 | Vaults:1 | Lost mutation: Your body sometimes deteriorates upon taking damage. [potion of cure mutation]
 38052 | Vaults:2 | HP: 6/168 [deep troll[an ironheart preserver] (27)]
 39293 | Vaults:2 | Received a gift from Okawaru
 39713 | Vaults:2 | Reached skill level 20 in Staves
 40465 | Vaults:2 | Received a gift from Okawaru
 41056 | Vaults:3 | Reached XP level 21. HP: 122/175 MP: 27/27
 41357 | Vaults:3 | Found Apasue's General Store.
 41870 | Vaults:3 | Noticed a Brimstone Fiend
 41889 | Vaults:2 | HP: 3/176 [burnt (9)]
 43902 | Vaults:3 | Reached skill level 10 in Earth Magic
 43911 | Vaults:3 | Received a gift from Okawaru
 44177 | Vaults:3 | Found a staircase to the Crypt.
 44545 | Vaults:4 | Reached skill level 21 in Staves
 44661 | Vaults:4 | Reached skill level 10 in Evocations
 44692 | Vaults:4 | HP: 8/177 [vault warden/uncursed great mace of crushing (5)]
 45207 | Vaults:4 | Found a portal to a secret trove of treasure.
 45564 | Shoals:3 | Reached XP level 22. HP: 177/184 MP: 29/29
 46285 | Vaults:4 | You paid a toll of a +7 demon trident to enter a treasure trove
 46286 | Trove    | Entered a treasure trove
 46310 | Trove    | Got a flickering steel ring
 46311 | Trove    | Identified the ring of Etrei {rElec AC+3 Dex+2} (You found it in a treasure trove)
 46319 | Trove    | Got a pair of transparent gloves
 46320 | Trove    | Identified the +2 pair of gloves of Ethics {rElec} (You found it in a treasure trove)
 46323 | Trove    | Got a jewelled lajatang
 46328 | Trove    | Got a faintly glowing iron ring
 46329 | Trove    | Identified the ring of Bailaxue {rPois Dex+3 Stlth+} (You found it in a treasure trove)
 46331 | Trove    | Identified the +8 lajatang "Ahistiys" {drain, *Confuse rElec MR+} (You found it in a treasure trove)
 46605 | Vaults:4 | Noticed Margery
 46655 | Vaults:4 | Killed from afar by Margery

Vault maps used:
D:1:      dpeg_arrival_caged_fury
D:2:      nicolae_gozag_cash_rules_everything_around_me,
          nicolae_ru_path_of_blood
D:3:      first_bread, minivault_5, goddamned_bats
D:4:      wad_river_or_something, fountainhead, uniq_duvessa
D:5:      cheibriados_altar_1, serial_shops, shop, nicolae_shop_crystal
D:6:      fedhas_altar_fruit_tree
D:7:      gammafunk_temple_overflow_elements, grunt_livestock,
          uniq_prince_ribbit1
D:8:      argonaut_augean_stables, nicolae_overflow_crystal_walls,
          okawaru_humans
D:9:      minitemple, serial_shops, shop, nicolae_shop_stone, kennysheep_mini,
          nicolae_shop_temple_entry_statues_fountains, nicolae_shop_stone
D:10:     minivault_27
D:11:     david_lair_shrubbed, bh_circular_ruins
D:12:     orc_0_dummy
D:13:     nemelex_xobeh_ov_fountains_minmay
D:14:     lightli_vaults_fourway_checkpoint, minmay_misc_feat_four_crosses,
          serial_corexii_hall, corexii_hall_statues_s, corexii_hall_statues_l
Temple:   minmay_freezing_vapour_temple
Lair:1:   special_room
Lair:2:   minmay_shoals_entry_beasts
Lair:3:   basic_altar, uniq_harold
Lair:4:   minmay_snake_entry_guardpost_medium, zaba_antful_of_joy
Lair:5:   minmay_slime_entry_jelly_boxes
Lair:6:   evil_forest, minivault_11, serial_bayou_pond_e, serial_bayou_crossing
Shoals:2: uniq_polyphemus
Shoals:4: shoals_end_hangedman, shoals_ilsuiw_ice, hangedman_shoals_cup_caves
Orc:1:    nicolae_volcano_entry_vermiform, trog_book
Orc:2:    st_orc_rangers, basic_altar
Elf:1:    serial_shops, nicolae_shop_temple_entry_statues_fountains,
          mu_enter_wizlab_4, minmay_elf_annihilation
Elf:2:    serial_shops, shop, dk_noncrumbling_2
Elf:3:    grunt_elf_hall_asides
Vaults:1: vaults_room_grunt_arrival_ludios, nicolae_vaults_twisting_passages,
          v_alt_pattern_1, st_diamondy, nicolae_vaults_ring_of_whatevers,
          v_misc_19, nicolae_vaults_asterisk, v_misc_5,
          hangedman_vaults_stagger, v_rooms_3, nicolae_vaults_big_angled_halls,
          hangedman_vaults_nails, uniq_asterion
Vaults:2: nicolae_vaults_big_ls, v_misc_14, vaults_room_corners,
          nicolae_vaults_theta, vaults_dpeg_spiral, hangedman_vaults_nails,
          hangedman_vaults_maws, ontoclasm_vaults_gateway, vaults_room_pool
Vaults:3: hangedman_vaults_locks, hangedman_vaults_maws, st_eye,
          nicolae_vaults_mini_display_case, minmay_crypt_entry_simple_plaza,
          ontoclasm_vaults_fault, vaults_mumra_minichess_inversion,
          nicolae_vaults_stairing_the_circle, v_pattern_4, serial_shops, shop
Vaults:4: v_misc_19, hangedman_vaults_unwind, v_misc_3, vaults_dpeg_diagonal,
          nicolae_vaults_border_crossing, v_pattern_5, grunt_vaults_twisty,
          nicolae_vaults_angled_halls, nicolae_vaults_hallways_thing,
          hangedman_vaults_slice, vaults_mumra_lcd,
          vaults_room_hangedman_quadrants, nicolae_vaults_ring_of_whatevers,
          ontoclasm_vaults_pinch, enter_trove_5, uniq_margery, uniq_sojobo
Trove:    trove_simple
Volcano:  volcano_grotto
WizLab:   wizlab_wucad

Skill      XL: |  1  2  3  4  5  6  7  8  9 10 11 12 13 14 15 16 17 18 19 20 21 |
---------------+----------------------------------------------------------------+-----
Shields        | 4 5 6 7 8 10 11 13 14 15 | 15.0
Armour         | 4 5 6 7 8 10 11 12 13 14 | 14.3
Fighting       | 4 5 6 7 8 9 11 12 13 15 16 17 18 | 18.2
Dodging        | 1 2 3 4 5 6 7 9 10 | 10.2
Staves         | 3 4 6 7 8 10 11 13 15 16 17 18 19 20 21 | 21.2
Stealth        | 1 2 3 5 |  5.5
Invocations    | 1 2 |  2.2
Evocations     | 1 4 6 8 10 | 10.3
Earth Magic    | 4 6 9 10 | 10.6
Unarmed Combat | |  0.2

Action                   |  1- 3 |  4- 6 |  7- 9 | 10-12 | 13-15 | 16-18 | 19-21 | 22-24 || total
-------------------------+-------+-------+-------+-------+-------+-------+-------+-------++-------
Melee: Quarterstaff      |   101 |   212 |   439 |  1018 |  1511 |  1312 |  1959 |   122 ||  6674
       Lajatang          |       |       |       |       |       |    74 |       |    16 ||    90
       Unarmed           |       |       |       |       |       |    14 |       |       ||    14
Invok: Heroism           |       |       |       |    13 |    24 |    57 |    75 |     4 ||   173
 Abil: Dig               |     2 |     2 |     5 |    10 |    16 |    26 |     4 |       ||    65
       Evoke Flight      |       |       |       |     1 |       |    19 |     9 |     1 ||    30
Evoke: Wand              |       |       |       |     7 |       |       |       |       ||     7
       Rod               |       |       |       |       |       |    11 |     4 |       ||    15
       Lamp of fire      |       |       |       |       |       |       |       |     1 ||     1
       Sack of spiders   |       |       |       |       |       |       |       |     1 ||     1
  Use: Scroll            |       |     3 |       |    17 |     9 |    23 |     5 |    10 ||    67
       Potion            |       |       |       |     2 |     1 |     5 |     5 |       ||    13
 Stab: Sleeping          |       |       |       |     1 |     7 |       |     1 |       ||     9
       Distracted        |       |       |       |     1 |     1 |     2 |       |       ||     4
       Petrified         |       |       |       |       |       |    13 |       |       ||    13
       Petrifying        |       |       |       |       |       |     1 |       |       ||     1
  Eat: Chunk             |       |     7 |    13 |    21 |    20 |    30 |    41 |     4 ||   136
       Beef jerky        |       |       |       |     3 |       |     1 |     1 |       ||     5
       Royal jelly       |       |       |       |     1 |       |       |       |       ||     1
       Meat ration       |       |       |       |       |     3 |     1 |       |       ||     4
       Pizza             |       |       |       |       |       |     4 |       |       ||     4
Armor: Scale mail        |    36 |   113 |    87 |       |       |       |       |       ||   236
       Ring mail         |       |       |     6 |    97 |    41 |       |       |       ||   144
       Chain mail        |       |       |       |       |   181 |   361 |   478 |    30 ||  1050
Dodge: Dodged            |    25 |    90 |   126 |   199 |   330 |   342 |   549 |    35 ||  1696
Block: Shield            |    43 |   145 |   196 |    65 |   673 |   790 |  1249 |    74 ||  3235
       Large shield      |       |       |       |   722 |   315 |       |       |       ||  1037
       Reflection        |       |       |       |       |       |    40 |   126 |    10 ||   176
